 Dungeon Crawl Stone Soup version 0.27-a0-1332-g84bddb5ca7 (webtiles) character file.

Game seed: 15809569405520278246

11195 pokeman the Thaumaturge (level 11, -8/61 HPs)
             Began as a Deep Elf Hedge Wizard on June 25, 2021.
             Was a Priest of Vehumet.
             Mangled by a two-headed ogre (22 damage)
             ... on level 11 of the Dungeon.
             The game lasted 00:33:17 (13074 turns).

pokeman the Thaumaturge (Deep Elf Hedge Wizard)    Turns: 13074, Time: 00:33:18

Health: -8/61      AC:  5    Str:  7    XL:     11   Next: 46%
Magic:  0/31       EV: 12    Int: 29    God:    Vehumet [***...]
Gold:   519        SH:  0    Dex: 14    Spells: 27/39 levels left

rFire    . . .     SeeInvis .   D - +0 flail (drain)
rCold    . . .     Faith    .   (no shield)
rNeg     . . .     Spirit   .   K - +0 leather armour
rPois    .         Reflect  .   c - +0 hat
rElec    .         Harm     .   I - +0 cloak
rCorr    .         Rampage  .   B - +0 pair of gloves
Will     +....                  (no boots)
Stlth    ++........             o - amulet of regeneration
HPRegen  1.20/turn              d - +6 ring of intelligence
MPRegen  0.22/turn              q - ring of wizardry

@: no status effects
A: no striking features
a: Renounce Religion


You were on level 11 of the Dungeon.
You worshipped Vehumet.
Vehumet was most pleased with you.
You visited 2 branches of the dungeon, and saw 12 of its levels.

You collected 584 gold pieces.
You spent 65 gold pieces at shops.

Inventory:

Hand Weapons
 D - a +0 flail of draining (weapon)
 L - the +8 short sword of Ascent {vorpal, Int-3 Dex+5}
   (You found it on level 10 of the Dungeon)

   It inflicts extra damage upon your enemies.
   It affects your intelligence (-3).
   It affects your dexterity (+5).
 S - a +0 longbow
Missiles
 b - 5 curare-tipped darts
 g - 287 arrows
 m - 53 bolts
 w - a throwing net
Armour
 c - a +0 hat (worn)
 h - a +0 kite shield
 B - a +0 pair of gloves (worn)
 I - a +0 cloak (worn)
 K - a +0 leather armour (worn)
Jewellery
 d - a +6 ring of intelligence (left hand)
 o - an amulet of regeneration (around neck)
 q - a ring of wizardry (right hand)
 N - an amulet of reflection
Wands
 v - a wand of digging (5)
 C - a wand of polymorph (11)
 O - a wand of iceblast (10)
 P - a wand of paralysis (6)
Scrolls
 a - 2 scrolls of silence
 i - a scroll of fog
 k - 4 scrolls of blinking
 p - a scroll of torment
 r - a scroll of magic mapping
 t - 6 scrolls of teleportation
 u - 3 scrolls of enchant armour {unknown}
 A - 2 scrolls of enchant weapon {unknown}
 E - a scroll of amnesia {unknown}
 F - a scroll of holy word {unknown}
 J - a scroll of brand weapon {unknown}
 R - a scroll of immolation {unknown}
Potions
 e - 2 potions of mutation
 f - 5 potions of heal wounds
 j - 2 potions of flight
 l - 2 potions of lignification
 n - 4 potions of attraction
 s - 3 potions of curing
 x - a potion of berserk rage {unknown}
 z - 3 potions of haste {unknown}
 G - a potion of brilliance {unknown}
 H - a potion of resistance
Miscellaneous
 M - a phantom mirror
 Q - a box of beasts


   Skills:
 - Level 4.1 Fighting
 + Level 3.8 Armour
 - Level 3.0 Dodging
 - Level 3.0 Stealth
 - Level 3.0 Shields
 * Level 14.9 Spellcasting
 + Level 9.1 Conjurations
 - Level 1.1 Summonings
 - Level 1.1 Translocations
 + Level 8.3 Fire Magic
 - Level 1.0 Air Magic
 - Level 1.0 Poison Magic
 - Level 1.0 Evocations


You had 27 spell levels left.
You knew the following spells:

 Your Spells              Type           Power      Damage    Failure   Level
a - Magic Dart            Conj           100%       1d8       1%          1
b - Mephitic Cloud        Conj/Pois/Air  43%        N/A       1%          3
c - Call Imp              Summ           28%        N/A       1%          2
d - Blink                 Tloc           N/A        N/A       1%          2
e - Conjure Flame         Conj/Fire      64%        6-21      1%          3
f - Apportation           Tloc           56%        N/A       1%          1

Your spell library contained the following spells:

 Spells                   Type           Power      Damage    Failure   Level
 Dazzling Flash           Conj/Hex       96%        N/A       1%          3
 Animate Skeleton         Necr           42%        N/A       1%          1
 Corona                   Hex            23%        N/A       1%          1
 Pain                     Necr           84%        1d8       1%          1
 Summon Small Mammal      Summ           100%       N/A       1%          1
 Slow                     Hex            21%        N/A       1%          2
 Gell's Gravitas          Tloc           14%        N/A       2%          3
 Lesser Beckoning         Tloc           14%        N/A       2%          3
 Confusing Touch          Hex            21%        N/A       4%          3
 Tukima's Dance           Hex            21%        N/A       4%          3
 Vampiric Draining        Necr           10%        2d7       4%          3
 Yara's Violent Unravell  Hex/Tmut       10%        3d6       11%         5
 Animate Dead             Necr           10%        N/A       13%         4
 Petrify                  Tmut/Erth      21%        N/A       13%         4
 Alistair's Intoxication  Tmut/Pois      16%        N/A       28%         5
 Agony                    Necr           21%        N/A       34%         5
 Metabolic Englaciation   Hex/Ice        10%        N/A       34%         5
 Invisibility             Hex            10%        N/A       87%         6


Dungeon Overview and Level Annotations

Branches:
Dungeon (11/15)            Temple (1/1) D:4            Lair (0/6) D:10
    Orc: D:9-12

Altars:
Cheibriados
Dithmenos
Elyvilon
Gozag
Kikubaaqudgha
Nemelex Xobeh
Okawaru
Qazlal
Trog
Vehumet
Wu Jian
Zin

Shops:
D:3 (*:   D:5 *:=(   D:7 (

Annotations:
D:8 3 runed translucent doors, pokeman's ghost, novice DEWz


Message History

Aiming: Mephitic Cloud (safe; 1% risk of failure)
Press: ? - help, Shift-Dir - straight line, f - ice devil
Aim: an ice devil (summoned, not susceptible)
The ball explodes into a vile cloud!
The stinking cloud engulfs the ice devil but does no damage.
The stinking cloud engulfs the kobold demonologist but does no damage.
The kobold demonologist is almost dead.
The kobold demonologist is engulfed in noxious fumes.
The kobold demonologist appears confused.
The kobold demonologist closely misses the ice devil.
Unknown command.
Casting: Mephitic Cloud (safe; 1% risk of failure)
Confirm with . or Enter, or press ? or * to list all spells.
You blink.
The two-headed ogre hits you with a +0 giant club!
The two-headed ogre closely misses you.
The kobold demonologist is engulfed in noxious fumes.
The kobold demonologist appears confused.
Casting: Blink (safe; 1% risk of failure)
Confirm with . or Enter, or press ? or * to list all spells.
You don't have enough magic to cast this spell.
The kobold demonologist is engulfed in noxious fumes.
The kobold demonologist appears confused.
The kobold demonologist hits something with a +2 dagger of venom.
The kobold demonologist hits itself but does no damage.
The kobold demonologist is poisoned.
Vehumet accepts your kill.
The ice devil disappears in a puff of smoke!
You feel a bit more experienced. The ufetubus closely misses you. x2
The two-headed ogre hits you with a +0 giant club!!
* * * LOW HITPOINT WARNING * * *
The two-headed ogre barely misses you.
The ufetubus hits you but does no damage.
The ufetubus closely misses you.
Casting: Blink (safe; 1% risk of failure)
Confirm with . or Enter, or press ? or * to list all spells.
You blink.
The ufetubus closely misses you. The ufetubus barely misses you.
The two-headed ogre hits you with a +0 giant club!!
You die...

.K. #K.......K.#.#
....K###........K.#.#
..5KKK......###...#.#
...55###....##.K....#
K.. #..........### .
#...####...# #####
#...# #.5.# #.@.#
#.5O# #.ยง.# #####


You could see a two-headed ogre, an iron imp (summoned), an ufetubus (summoned)
and 2 kobolds.

Vanquished Creatures
  Erolcha (D:9)
  3 two-headed ogres
  A centaur warrior (D:11)
  Sonja (D:11)
  Pikel (D:9)
  2 kobold demonologists (D:11)
  A komodo dragon (D:7)
  A troll (D:11)
  2 slime creatures (D:10)
  A wraith (D:9)
  2 vampires
  5 yaks (D:8)
  A wyvern (D:8)
  A water moccasin (D:6)
  2 orc warriors
  A sky beast (D:6)
  A necrophage (D:7)
  9 centaurs
  An ogre (D:5)
  A kobold brigand (D:8)
  3 lemures (D:9)
  A wyvern zombie (D:8)
  4 scorpions
  3 bullfrogs
  A water moccasin zombie (D:5)
  2 water moccasin skeletons
  5 killer bees
  2 howler monkeys
  5 wights (D:9)
  9 centaur zombies
  3 orc priests
  6 hounds
  A jelly (D:5)
  3 centaur skeletons (D:5)
  2 gnoll shamans (D:5)
  Ijyb (D:5)
  5 iguanas
  3 orc wizards
  2 howler monkey zombies (D:7)
  12 gnolls
  5 adders
  An ufetubus (D:5)
  2 adder skeletons (D:4)
  6 worms
  2 dart slugs
  16 orcs
  7 bats
  9 endoplasms
  4 giant cockroaches
  6 goblins
  6 hobgoblins
  6 jackals
  2 quokkas
  5 ball pythons
  A frilled lizard (D:3)
  10 kobolds
  7 rats
206 creatures vanquished.

Vanquished Creatures (collateral kills)
  A howler monkey (D:7)
  A gnoll (D:5)
  2 adders (D:3)
  An orc (D:3)
5 creatures vanquished.

Vanquished Creatures (others)
  A shadow (D:10)
1 creature vanquished.

Grand Total: 212 creatures vanquished

Notes
Turn   | Place    | Note
-------+----------+-------------------------------------------
     0 | D:1      | pokeman the Deep Elf Hedge Wizard began the quest for the
                  | Orb.
     0 | D:1      | Reached XP level 1. HP: 10/10 MP: 7/7
   143 | D:1      | Reached XP level 2. HP: 8/16 MP: 0/9
   494 | D:1      | Found a faded altar of an unknown god.
   824 | D:1      | Reached skill level 5 in Spellcasting
  1066 | D:2      | Reached XP level 3. HP: 20/20 MP: 8/11
  1072 | D:2      | Learned a level 3 spell: Mephitic Cloud
  1075 | D:2      | Learned a level 2 spell: Call Imp
  1078 | D:2      | Learned a level 2 spell: Blink
  1083 | D:2      | Learned a level 3 spell: Conjure Flame
  1231 | D:2      | Reached skill level 1 in Fighting
  1625 | D:2      | Reached skill level 1 in Armour
  1892 | D:2      | Reached XP level 4. HP: 25/25 MP: 10/13
  2200 | D:3      | Found Gywush's Weapon Boutique.
  2551 | D:3      | Found Zyvelagu's Book Boutique.
  2624 | D:3      | Found Ygeoci's General Store.
  2680 | D:3      | Bought a scroll of identify for 26 gold pieces
  2680 | D:3      | Bought a scroll of teleportation for 39 gold pieces
  2759 | D:3      | Reached skill level 6 in Spellcasting
  2848 | D:3      | Reached XP level 5. HP: 29/29 MP: 12/15
  2995 | D:3      | Learned a level 1 spell: Apportation
  3203 | D:4      | Reached skill level 1 in Shields
  3328 | D:4      | Reached XP level 6. HP: 32/34 MP: 7/17
  3415 | D:4      | Reached skill level 1 in Fire Magic
  3468 | D:4      | Found a staircase to the Ecumenical Temple.
  3477 | Temple   | Entered the Ecumenical Temple
  3500 | Temple   | Became a worshipper of Vehumet
  3855 | D:4      | Found an ornate altar of the Wu Jian Council.
  3935 | D:4      | Reached skill level 1 in Poison Magic
  3981 | D:4      | Reached skill level 7 in Spellcasting
  4523 | D:4      | Reached * piety under Vehumet
  4523 | D:4      | Offered knowledge of Freeze by Vehumet.
  4524 | D:4      | Reached skill level 1 in Evocations
  4568 | D:4      | Found a glowing silver altar of Zin.
  4576 | D:4      | Reached skill level 1 in Air Magic
  4771 | D:5      | Entered Level 5 of the Dungeon
  4920 | D:5      | Reached XP level 7. HP: 34/38 MP: 10/20
  5078 | D:5      | Reached skill level 8 in Spellcasting
  5462 | D:5      | Found Qerott's Jewellery Shoppe.
  5496 | D:5      | Found Liluo's Book Shoppe.
  5631 | D:5      | Found Uqeicw's General Store.
  5641 | D:5      | Reached XP level 8. HP: 44/44 MP: 20/22
  5793 | D:5      | Reached skill level 9 in Spellcasting
  5846 | D:5      | Noticed Ijyb
  5857 | D:5      | Killed Ijyb
  5864 | D:5      | Reached skill level 5 in Conjurations
  5978 | D:5      | Found Otucsah's Weapon Shoppe.
  6241 | D:6      | Reached skill level 10 in Spellcasting
  6422 | D:6      | Offered knowledge of Searing Ray by Vehumet.
  6431 | D:6      | Reached ** piety under Vehumet
  6614 | D:6      | Noticed an air elemental
  6616 | D:6      | Found a stormy altar of Qazlal.
  7131 | D:7      | Reached XP level 9. HP: 48/48 MP: 23/25
  7143 | D:7      | Noticed a komodo dragon
  7161 | D:7      | Killed a komodo dragon
  7281 | D:7      | Found Niboudu's Antique Weapon Shop.
  7348 | D:7      | Reached skill level 11 in Spellcasting
  7457 | D:7      | Reached skill level 5 in Fire Magic
  8715 | D:8      | Reached skill level 12 in Spellcasting
  8880 | D:8      | Found a runed translucent gate.
  8881 | D:8      | Found a runed translucent gate.
  8882 | D:8      | Found a runed translucent gate.
  8883 | D:8      | Noticed pokeman's ghost (novice DEWz)
  8928 | D:8      | Offered knowledge of Dazzling Flash by Vehumet.
  9242 | D:8      | Reached XP level 10. HP: 49/52 MP: 22/28
  9482 | D:9      | Noticed Erolcha
  9550 | D:9      | You fall into a shaft and drop 1 floor!
  9550 | D:10     | Entered Level 10 of the Dungeon
 10128 | D:10     | Noticed a two-headed ogre
 10141 | D:10     | Killed a two-headed ogre
 10141 | D:10     | Reached *** piety under Vehumet
 10142 | D:10     | Reached skill level 13 in Spellcasting
 10253 | D:10     | Identified the +8 short sword of Ascent {vorpal, Int-3
                  | Dex+5}
 10381 | D:9      | Killed Erolcha
 10909 | D:9      | Noticed Pikel
 10915 | D:9      | Killed Pikel
 11228 | D:9      | Reached skill level 14 in Spellcasting
 11439 | D:9      | Found an iron altar of Okawaru.
 11873 | D:10     | Found a staircase to the Lair.
 12408 | D:11     | Noticed a two-headed ogre
 12437 | D:10     | Killed a two-headed ogre
 12438 | D:10     | Reached XP level 11. HP: 37/61 MP: 9/31
 12734 | D:11     | Noticed a two-headed ogre
 12755 | D:11     | Killed a two-headed ogre
 12863 | D:11     | Noticed a centaur warrior
 12865 | D:11     | Noticed Sonja
 12875 | D:11     | Killed a centaur warrior
 12877 | D:11     | Killed Sonja
 13029 | D:11     | Noticed a two-headed ogre
 13074 | D:11     | Mangled by a two-headed ogre

Illustrated notes

Levels and vault maps discovered:
D:1:      sevenhm_arrival_forest_fort_small_6, layout_rooms,
          hellmonk_ecumenical_altar_crossroads, minmay_pentomino_s2
D:2:      kb_forest_paths, layout_basic, hangedman_feature_mirror
D:3:      layout_basic, serial_shops, nicolae_square_shop, shop, shop,
          minmay_increasing_density
D:4:      layout_basic, minitemple, minmay_temple_entry_waves,
          minmay_box_of_dots
D:5:      layout_loops_ring, serial_shops, kennysheep_mini_moat,
          nicolae_shop_behind_doors, nicolae_diamond_shop,
          nicolae_take_the_stairs, uniq_ijyb
D:6:      layout_cave_pools, nicolae_qazlal_style_of_elements
D:7:      layout_cave_pods, serial_shops, shop, serial_column_ruins,
          column_ruins_hut_ruined, column_ruins_columns_straight,
          column_ruins_open_medium, column_ruins_open_small,
          column_ruins_columns_corner, column_ruins_corridor_plus,
          column_ruins_grid_1, kennysheep_dice
D:8:      layout_loops_corners, gammafunk_ghost_necromancy
D:9:      layout_roguey, kennysheep_mini, serial_rivers,
          chequers_serial_rivers_large_a, chequers_serial_rivers_room_b,
          chequers_serial_rivers_small_b, chequers_serial_rivers_micro_e,
          chequers_serial_rivers_micro_b, chequers_serial_rivers_micro_b,
          kennysheep_decorative_pillar, uniq_pikel, uniq_erolcha
D:10:     layout_basic, lair_entry_dummy, moated_statue, grunt_ministairs_8
D:11:     layout_basic, orc_0_dummy, minmay_fractal_squares_gapless_7,
          uniq_sonja
Temple:   regret_index_temple_mists

Skill      XL: |  1  2  3  4  5  6  7  8  9 10 11 |
---------------+----------------------------------+-----
Spellcasting   | 5 6 7 8 10 12 14 | 14.9
Fighting       | 1 2 4 |  4.1
Conjurations   | 2 3 4 5 7 8 9 |  9.1
Armour         | 1 2 3 |  3.8
Dodging        | 3 |  3.0
Shields        | 1 2 3 |  3.0
Stealth        | 3 |  3.0
Fire Magic     | 1 3 4 6 7 8 |  8.3
Poison Magic   | 1 |  1.0
Evocations     | 1 |  1.0
Air Magic      | 1 |  1.0
Summonings     | |  1.1
Translocations | |  1.1

Action                   |  1- 3 |  4- 6 |  7- 9 | 10-12 || total
-------------------------+-------+-------+-------+-------++-------
Melee: Dagger            |     5 |    16 |    37 |       ||    58
       Flail             |       |       |    44 |    43 ||    87
       Short sword       |       |       |       |    17 ||    17
 Fire: Shortbow          |       |       |       |    72 ||    72
 Cast: Magic Dart        |   110 |   154 |   145 |   131 ||   540
       Call Imp          |       |     5 |     2 |    12 ||    19
       Conjure Flame     |       |     5 |    32 |    49 ||    86
       Mephitic Cloud    |       |     5 |    26 |    26 ||    57
       Blink             |       |     1 |     1 |     9 ||    11
Evoke: Wand              |       |       |       |     8 ||     8
  Use: Scroll            |       |     3 |     5 |     5 ||    13
 Stab: Confused          |       |     3 |     7 |    10 ||    20
       Sleeping          |       |       |       |     1 ||     1
Armor: Robe              |     2 |    10 |    13 |       ||    25
       Leather armour    |       |       |     3 |    45 ||    48
Dodge: Dodged            |     2 |    25 |    82 |    83 ||   192

Table legend: (Time is in decaauts)
 A = Elapsed time spent in this place.
 B = Non-inter-level travel time spent in this place.
 C = Inter-level travel time spent in this place.
 D = Time resting spent in this place.
 E = Time spent auto-exploring this place.
 F = Levels seen in this place.
 G = Mean time per level.
                   A        B        C        D        E       F      G
               +--------+--------+--------+--------+--------+-----+--------+
         Total |  13158 |  12727 |    431 |    657 |  10026 |  12 | 1096.5 |
       Dungeon |  13103 |  12693 |    410 |    657 |  10006 |  11 | 1191.2 |
        Temple |     55 |     35 |     20 |      0 |     19 |   1 |   55.0 |
               +--------+--------+--------+--------+--------+-----+--------+

Top non-repeatable levels by time:
     D:4: 1666 daAuts
     D:9: 1553 daAuts
    D:10: 1504 daAuts
     D:5: 1372 daAuts
     D:8: 1298 daAuts
     D:2: 1136 daAuts
     D:7: 1111 daAuts
     D:1: 1063 daAuts
     D:3: 994 daAuts
     D:6: 850 daAuts
    D:11: 551 daAuts
  Temple: 55 daAuts
